AoeStats
← Green Assassin

African Clearing

505306199Analyzed
4v4 RM · 23d ago on Sep 8, 2026· 30m 4s· 8 players
Game mode
Random Map
Map size
Large (8 player)
Population
200
Speed
Normal
Resources
Standard
Victory
Conquest
Starting age
Dark Age
Ending age
Imperial Age
RankedLock teamsTeams togetherTeam positionsShared explorationLock speedFull tech treeHidden civsTurbo modeCheats
Victory
Defeat
🇺🇸 Gurjaras · United States
1171
+16
🇲🇽 Japanese · Mexico
1160
+16
🇺🇸 Celts · United States
1156
+16
🇩🇪 Romans · Germany
1141
+17
🇸🇪 Mongols · Sweden
1190
-18
🇸🇪 Magyars · Sweden
1190
-17
🇹🇷 Persians · Türkiye
1134
-15
🇦🇷 Huns · Argentina
1127
-15
tmams33
4:38 Loom
15:28 Feudal Age
16:34 Loom
19:46 Castle Age
17:40 Arson
17:52 Double-Bit Axe
17:49 Horse Collar
20:50 Arson
23:29 Wheelbarrow
22:33 Pikeman
23:25 Man-at-Arms
Coolthulhu36
11:33 Loom
14:35 Feudal Age
20:12 Horse Collar
22:17 Town Watch
24:54 Castle Age
23:40 Bloodlines
23:58 Double-Bit Axe
24:42 Forging
24:38 Scale Barding Armor
25:39 Scale Barding Armor
26:10 Husbandry
27:00 Bow Saw
Green Assassin
3:13 Loom
14:16 Feudal Age
19:18 Castle Age
18:31 Double-Bit Axe
28:08 Wheelbarrow
28:43 Fishing Lines
30:59 Ballistics
ramirezalex13
4:28 Loom
13:56 Feudal Age
14:29 Double-Bit Axe
19:33 Fletching
27:13 Castle Age
28:19 Bow Saw
28:06 Gold Mining
28:15 Crossbowman
29:12 Thumb Ring
29:37 Bodkin Arrow
CharlesV
4:28 Loom
14:08 Feudal Age
15:31 Double-Bit Axe
23:29 Castle Age
Murkeldjuret. ®
4:19 Loom
13:15 Feudal Age
18:51 Castle Age
17:50 Stone Mining
18:24 Fletching
19:57 Double-Bit Axe
Murmeldjuret. ®
5:12 Loom
13:31 Feudal Age
19:46 Castle Age
20:28 Light Cavalry
21:23 Double-Bit Axe
Mr_FahrenHeit
8:23 Loom
15:23 Feudal Age
20:09 Castle Age
18:31 Scale Barding Armor
18:18 Double-Bit Axe
19:33 Forging
21:22 Chain Barding Armor
21:53 Bow Saw
22:04 Bloodlines
22:20 Husbandry
Connection lost

Rejoining the realm…

Still unreachable

The connection could not be restored.

Session expired

The server has moved on; the page needs a fresh start.